 Dungeon Crawl Stone Soup version 0.23.1 (webtiles) character file.

Game seed: 14377689267975042853

158 Freyura the Covert (level 5, 0/38 HPs)
             Began as a Vampire Assassin on Mar 12, 2019.
             Slain by a river rat (1 damage)
             ... on level 4 of the Dungeon.
             The game lasted 00:07:34 (2735 turns).

Freyura the Covert (Vampire Assassin)               Turns: 2735, Time: 00:07:35

Health: 0/38       AC:  4    Str: 10    XL:     5   Next: 16%
Magic:  5/5        EV: 12    Int: 14    God:
Gold:   130        SH:  0    Dex: 16    Spells: 4/4 levels left

rFire    . . .     SeeInvis +   a - +2 dagger
rCold    + + +     Gourm    .   (no shield)
rNeg     + + +     Faith    .   c - +0 robe
rPois    ∞         Spirit   .   h - +1 hat {MR+}
rElec    .         Reflect  .   d - +0 cloak
rCorr    .         Harm     .   (no gloves)
MR       +....                  (no boots)
Stlth    ++++++....             (no amulet)
HPRegen  0.00/turn              o - ring of protection from cold
MPRegen  0.09/turn              (no ring)

@: bloodless, non-regenerating
A: fangs 3, see invisible, unbreathing
a: Bat Form


You were on level 4 of the Dungeon.
You were bloodless.

You visited 1 branch of the dungeon, and saw 4 of its levels.

You collected 130 gold pieces.

Inventory:

Hand Weapons
 a - a +2 dagger (weapon)
 b - a +0 blowgun
Missiles
 e - 28 poisoned needles
 f - 2 curare-tipped needles
Armour
 c - a +0 robe (worn)
 d - a +0 cloak (worn)
 h - a +1 hat of magic resistance (worn)
Jewellery
 o - a ring of protection from cold (left hand)
Scrolls
 k - 2 scrolls of remove curse {unknown}
 m - a scroll of fog {unknown}
 n - a scroll of amnesia {unknown}
 p - a scroll of enchant armour {unknown}
 r - a scroll of teleportation {unknown}
Potions
 g - 11 potions of blood
 i - 2 potions of haste {unknown}
 j - a potion of degeneration {unknown}
 l - a potion of brilliance {unknown}
 q - a potion of lignification {unknown}


   Skills:
 - Level 1.7 Fighting
 + Level 3.8 Short Blades
 - Level 1.5 Throwing
 - Level 1.1 Dodging
 * Level 8.8 Stealth


You had 4 spell levels left.
You didn't know any spells.
Your spell library was empty.

Dungeon Overview and Level Annotations

Branches:
Dungeon (4/15)
 Temple: D:4-7

Altars:

Portals:
Sewer: D:4


Innate Abilities, Weirdness & Mutations

You do not heal naturally.
You are immune to poison.
You have razor-sharp teeth.
You have supernaturally acute eyesight. (SInv)
You can survive without breathing.


Message History

The river rat is moderately wounded.
The river rat barely misses you.
You hit the river rat but do no damage.
The river rat is moderately wounded.
The river rat barely misses you.
You closely miss the river rat.
The river rat is moderately wounded.
The river rat bites you.
* * * LOW HITPOINT WARNING * * *
You hit the river rat but do no damage.
The river rat is moderately wounded.
The river rat bites you.
* * * LOW HITPOINT WARNING * * *
You barely miss the river rat.
The river rat is moderately wounded.
You hit the river rat.
You bite the river rat, but do no damage.
The river rat is heavily wounded.
The river rat bites you.
You die...

#.# ##. #.# # #.#
#..### #.# # #.#
#..... #... #.# #
#.# #≈≈... #..# #.#
# #.#####≈≈≈≈.##
#).# #.# #
#..(..#≈≈≈≈≈.# #..#
#.# #
#######∩≈≈≈sS# #..#
#.# # #r# #..# #.#
# ##@####..# #.# #
#........######.# #
#..#####<.......# #
#..# #.######## #
#).# #.# ...# #.#
##...####.#
#........##########
#...####...........


You could see a river rat, a giant cockroach and a ball python.

Vanquished Creatures
  A worker ant (D:4)
  3 gnolls (D:3)
  3 adders
  An adder skeleton (D:4)
  3 worms
  2 dart slugs (D:1)
  3 leopard geckos
  3 ball pythons
  7 bats
  5 giant cockroaches
  6 goblins
  4 hobgoblins
  11 frilled lizards
  5 kobolds
  11 rats
68 creatures vanquished.

Notes
Turn   | Place    | Note
-------+----------+-------------------------------------------
     0 | D:1      | Freyura the Vampire Assassin began the quest for the Orb.
     0 | D:1      | Reached XP level 1. HP: 16/16 MP: 1/1
    26 | D:1      | Reached skill level 6 in Stealth
   108 | D:1      | Reached XP level 2. HP: 18/22 MP: 2/2
   730 | D:1      | Reached skill level 7 in Stealth
   943 | D:2      | Reached XP level 3. HP: 27/27 MP: 3/3
  1496 | D:3      | Reached XP level 4. HP: 18/33 MP: 4/4
  1564 | D:3      | Reached skill level 8 in Stealth
  2554 | D:4      | Reached XP level 5. HP: 35/38 MP: 5/5
  2707 | D:4      | Found a glowing drain.
  2733 | D:4      | HP: 1/38 [river rat (5)]
  2735 | D:4      | Slain by a river rat

Skill      XL: |  1  2  3  4 |
---------------+-------------+-----
Stealth        | 6 7 8 |  8.8
Short Blades   | 3 |  3.8
Fighting       | |  1.7
Throwing       | |  1.5
Dodging        | |  1.1

Action                   |  1- 3 |  4- 6 || total
-------------------------+-------+-------++-------
Melee: Dagger            |   128 |    77 ||   205
       Bite              |     7 |     7 ||    14
 Stab: Sleeping          |    10 |     9 ||    19
Armor: Robe              |    28 |    10 ||    38
Dodge: Dodged            |    61 |    33 ||    94
